 Dungeon Crawl Stone Soup version 0.20.1-1-g8b1a95d (webtiles) character file.

534 letownia2 the Grave Robber (level 7, 12/55 HPs)
             Began as a Deep Dwarf Necromancer on Nov 6, 2017.
             Quit the game on level 6 of the Dungeon.
             The game lasted 00:07:02 (2480 turns).

letownia2 the Grave Robber (Deep Dwarf Necromancer) Turns: 2480, Time: 00:07:03

Health: 12/55      AC:  5    Str: 14    XL:     7   Next: 4%
Magic:  11/11      EV: 11    Int: 17    God:
Gold:   191        SH:  0    Dex: 13    Spells: 8/12 levels left

rFire    . . .     SeeInvis .   a - +0 whip (drain)
rCold    . . .     Gourm    .   (no shield)
rNeg     . . .     Faith    .   t - +0 ring mail
rPois    .         Spirit   .   (no helmet)
rElec    .         Reflect  .   (no cloak)
rCorr    .         Harm     .   (no gloves)
MR       +....                  (no boots)
Stlth    +.........             (no amulet)
Regen    0.0/turn               n - +2 ring of strength
MPRegen  0.2/turn               (no ring)

@: starving, non-regenerating
A: damage resistance, heal wounds, sense surroundings 1, no regeneration
a: Heal Wounds


You were on level 6 of the Dungeon.
You were starving.

You visited 1 branch of the dungeon, and saw 6 of its levels.

You collected 227 gold pieces.
You spent 36 gold pieces at shops.

Inventory:

Hand Weapons
 a - a +0 whip of draining (weapon)
 b - a +0 dagger of freezing
 l - a +0 dagger
 y - a +0 blowgun
Armour
 d - a +0 robe
 g - a +0 scale mail
 h - a +0 leather armour
 t - a +0 ring mail (worn)
Jewellery
 n - a +2 ring of strength (left hand)
Scrolls
 e - a scroll of teleportation {unknown}
 i - a scroll of fog {unknown}
 j - 2 scrolls of enchant weapon {unknown}
 k - 3 scrolls of identify {unknown}
 o - 4 scrolls of amnesia {unknown}
Potions
 f - a potion of berserk rage {unknown}
 m - a potion of might {unknown}
 r - a potion of brilliance {unknown}
 s - a potion of heal wounds {unknown}
 u - a potion of magic {unknown}
 v - a potion of lignification
 x - 2 potions of mutation {unknown}
Books
 q - a book of Necromancy

   Spells                             Type                      Level
   a - Pain                           Necromancy                   1
   b - Animate Skeleton               Necromancy                   1
   c - Vampiric Draining              Necromancy                   3
   d - Regeneration                   Charms/Necromancy            3
   e - Animate Dead                   Necromancy                   4
   f - Control Undead                 Necromancy                   4
Comestibles
 c - 3 bread rations
 p - a meat ration
 w - a royal jelly


   Skills:
 * Level 4.3 Armour
 - Level 2.1 Dodging
 - Level 2.4 Stealth
 + Level 3.1 Spellcasting
 - Level 7.2 Necromancy


You had 8 spell levels left.
You knew the following spells:

 Your Spells              Type           Power        Failure   Level  Hunger
a - Pain                  Necr           ####         1%          1    None
v - Vampiric Draining     Necr           ####......   4%          3    ###....


Dungeon Overview and Level Annotations

Branches:
Dungeon (6/15)
 Temple: D:4-7

Altars:
Dithmenos
Elyvilon
Kikubaaqudgha
Makhleb
Nemelex Xobeh
Okawaru
Sif Muna
Uskayaw

Shops:
D:4 }[(!%   D:5 *


Innate Abilities, Weirdness & Mutations

You are resistant to damage.
You can heal yourself by infusing magical energy.
You passively map a small area around you.
You do not regenerate.


Message History

The jackal is heavily wounded.
The jackal bites you but does no damage.
You barely miss the jackal.
The jackal is heavily wounded.
The jackal bites you but does no damage.
The jackal bites you.
* * * LOW HITPOINT WARNING * * *
You hit the jackal. You drain the jackal!
You kill the jackal!
You see here a giant club.
You see here a giant club.
Found a shadowy altar of Dithmenos.
You found a teleport trap!
Found a hunting sling. 2 orcs come into view.
Put on which piece of jewellery? (? for menu, Esc to quit)
Okay, then.
Wield which item (- for none, * to show all)? (? for menu, Esc to quit)
Okay, then.
Are you sure you want to abandon this character and quit the game? (Confirm with "yes".)

#######..####.......,*
..................#
##.,
..........)......#*
....,
.............##..###..#
##..########.###..#..#*
*, #### ###..##.....##.
* #..............
#..##...^.....# , #.#
##.@._...# #.
*#.........#
#.............. *
*##...##.....##. * ,
....# #..#..#* , *
###.**.o###..# , # ..#
*..). * o.. ... , *,


You could see 2 orcs.

Vanquished Creatures
  Duvessa (D:4)
  An ogre (D:6)
  A sky beast (D:5)
  Dowan (D:4)
  A jelly (D:5)
  A hound (D:5)
  2 iguanas (D:5)
  2 worker ants (D:5)
  2 adders
  2 leopard geckos
  4 orcs (D:4)
  2 giant cockroaches
  2 goblins (D:3)
  3 hobgoblins (D:3)
  3 jackals (D:6)
  2 bats (D:3)
  2 frilled lizards
  2 kobolds
  A rat (D:3)
35 creatures vanquished.

Notes
Turn   | Place    | Note
-------+----------+-------------------------------------------
     0 | D:1      | letownia2 the Deep Dwarf Necromancer began the quest for the Orb.
     0 | D:1      | Reached XP level 1. HP: 15/15 MP: 3/3
     0 | D:1      | Noticed a ghoul
     6 | D:1      | Noticed a dwarf
     7 | D:1      | Noticed a minotaur zombie
    16 | D:1      | Noticed a centaur
    18 | D:1      | Noticed a gargoyle
   338 | D:3      | Found a deep blue altar of Sif Muna.
   458 | D:3      | Reached XP level 2. HP: 22/22 MP: 3/5
   618 | D:4      | Found Dypod's Food Shoppe.
   642 | D:4      | Noticed Dowan
   674 | D:4      | Noticed Duvessa
   698 | D:4      | Found Nehiudor's Antique Armour Emporium.
   959 | D:3      | Found a white marble altar of Elyvilon.
  1026 | D:3      | Reached skill level 5 in Necromancy
  1231 | D:4      | Found Kuquurgha's Gadget Emporium.
  1245 | D:4      | Found Dapejar's Weapon Shop.
  1248 | D:4      | Reached XP level 3. HP: 28/28 MP: 2/6
  1260 | D:4      | Learned a level 3 spell: Vampiric Draining
  1334 | D:4      | Found Walo's Distillery.
  1367 | D:4      | Bought a potion of lignification for 36 gold pieces
  1411 | D:4      | Killed Dowan
  1411 | D:4      | Reached skill level 6 in Necromancy
  1411 | D:4      | Reached XP level 4. HP: 34/36 MP: 0/7
  1424 | D:4      | Killed Duvessa
  1424 | D:4      | Reached skill level 7 in Necromancy
  1424 | D:4      | Reached XP level 5. HP: 12/42 MP: 0/8
  1509 | D:5      | Entered Level 5 of the Dungeon
  1513 | D:5      | Reached skill level 1 in Armour
  1678 | D:5      | Found a sparkling altar of Nemelex Xobeh.
  1679 | D:5      | Found a burning altar of Makhleb.
  1680 | D:5      | Found an iron altar of Okawaru.
  1748 | D:5      | Found an ancient bone altar of Kikubaaqudgha.
  1770 | D:5      | Found a hide-covered altar of Uskayaw.
  1781 | D:5      | Reached XP level 6. HP: 29/49 MP: 1/9
  2009 | D:5      | Found a burning altar of Makhleb.
  2145 | D:5      | Found Goehet's General Store.
  2146 | D:5      | Noticed a sky beast
  2152 | D:5      | Killed a sky beast
  2452 | D:6      | Reached XP level 7. HP: 15/55 MP: 11/11
  2475 | D:6      | Found a shadowy altar of Dithmenos.
  2480 | D:6      | Quit the game

Skill      XL: |  1  2  3  4  5  6 |
---------------+-------------------+-----
Spellcasting   | 2 3 |  3.1
Necromancy     | 5 6 7 |  7.2
Armour         | 2 4 |  4.3
Dodging        | |  2.1
Stealth        | |  2.4

Action                   |  1- 3 |  4- 6 |  7- 9 || total
-------------------------+-------+-------+-------++-------
Melee: Whip              |    36 |    40 |    15 ||    91
 Cast: Pain              |    36 |     9 |       ||    45
       Vampiric Draining |       |    15 |       ||    15
  Use: Potion            |     1 |       |       ||     1
  Eat: Chunk             |     2 |     3 |       ||     5
Armor: Leather armour    |     2 |       |       ||     2
       Skin              |    47 |     7 |       ||    54
       Ring mail         |       |    32 |    15 ||    47
Dodge: Dodged            |     9 |    74 |    18 ||   101
